 Dungeon Sprint DCSS version 0.17-a0-1311-gbcbd859 (webtiles) character file.

2400000 Kidiri the Conqueror (level 19, -71/151 HPs)
             Began as a Gargoyle Fighter on June 8, 2015.
             Was a High Priest of Makhleb.
             Annihilated by a large bag of meat
             ... wielding a +9 giant spiked club
              (107 damage)
             ... in the Dungeon (Sprint VIII: "Arena of Blood").
             The game lasted 00:01:33 (24 turns).

Kidiri the Conqueror (Gargoyle Fighter)               Turns: 24, Time: 00:01:33

Health: -71/151    AC: 26    Str: 28    XL:     19   Next: 13%
Magic:  14/36      EV: 20    Int:  9    God:    Makhleb [*****.]
Gold:   0          SH:  0    Dex:  9    Spells: 0 memorised, 18 levels left

rFire  . . .     SeeInvis .     l - +∞ Axe of Woe
rCold  . . .     Clarity  .     b - +0 scale mail
rNeg   + . .     SustAt   .     (no shield)
rPois  ∞         Gourm    .     (no helmet)
rElec  +         Spirit   .     (no cloak)
rCorr  .         Warding  .     (no gloves)
rMut   .         NoTele   +     (no boots)
MR     +....                    (no amulet)
Stlth  ..........               (no ring)
                                (no ring)

@: flying, somewhat resistant to hostile enchantments, extremely unstealthy
A: big wings, negative energy resistance 1, electricity resistance, unbreathing,
petrification resistance, rot immunity, AC +13
a: Stop Flying, Minor Destruction, Lesser Servant of Makhleb, Major Destruction,
Greater Servant of Makhleb, Renounce Religion


You were in the Dungeon.
You worshipped Makhleb.
Makhleb was extremely pleased with you.
You were not hungry.

You visited 1 branch

Inventory:

Hand weapons
 a - a +0 war axe
 l - the +∞ Axe of Woe (weapon)
   (You found it in the Dungeon)
Armour
 b - a +0 scale mail (worn)
 c - a +0 shield
Scrolls
 k - a scroll of blinking
Potions
 d - a potion of might
 f - a potion of curing
 g - a potion of heal wounds
 h - a potion of haste
 i - 2 potions of magic
 j - a potion of berserk rage
Comestibles
 e - a bread ration


   Skills:
 O Level 27 Fighting
 - Level 9.5 Axes
 O Level 27 Armour
 * Level 25.1 Dodging
 O Level 27 Shields
 O Level 27 Invocations


You had 18 spell levels left.
You didn't know any spells.

Dungeon Overview and Level Annotations

Branches:
Dungeon (1/1)

Altars:
Makhleb


Innate Abilities, Weirdness & Mutations

You are resistant to torment.
Your stone body is resilient (AC +13).
You are immune to poison.
Your large and strong wings let you fly indefinitely.
You resist negative energy.
You are resistant to electric shocks.
You can survive without breathing.
You are immune to petrification.
You are immune to rotting.


Message History

You slaughter the large bag of meat joyfully.
The large bag of meat explodes!
The fiery explosion engulfs the large bag of meat.
The fiery explosion engulfs you! Makhleb accepts your kill.
You feel a little better.
Your Dodging skill gained 2 levels and is now at level 25!
You have reached level 19!
You are engulfed in roaring flames.
You hear a shout! x29
The large bag of meat is engulfed in roaring flames.
You hear a shout! x4
The large bag of meat hits you with a +9 giant spiked club!!!!
Ouch! That really hurt!
* * * LOW HITPOINT WARNING * * *
You hear a shout!
The large bag of meat is engulfed in roaring flames.
The large bag of meat hits you with a +9 giant spiked club!!!!
Ouch! That really hurt!
You die...

.... .. ... ..
#.. .# . #.. ..#
.%###.% ..###.
.....%O###..%.%.
......§%§C..%...
....#§§@).#....
. #§§C)_# .
#§§§..#
...%._.o...
.....%###......
.###.. ..###.
#.. o.# #.. ..#
.. ..


You could see 2 large bags of meat, a meat berserker (berserk) and 2 bags of
meat.

Vanquished Creatures
  A vampire knight (D)
  4 ogres (D)
  5 orcs (D)
  2 hill giants (D)
12 creatures vanquished.

Notes
Turn   | Place    | Note
--------------------------------------------------------------
     0 | D        | Kidiri the Gargoyle Fighter began the quest for the Orb.
     0 | D        | Reached XP level 1. HP: 14/14 MP: 1/1
     3 | D        | Became a worshipper of Makhleb the Destroyer
     5 | D        | Noticed a bag of meat
     6 | D        | Noticed a meat berserker
    10 | D        | Killed a meat berserker
    10 | D        | Reached skill level 19 in Fighting
    10 | D        | Reached XP level 2. HP: 16/40 MP: 2/2
    10 | D        | Reached XP level 3. HP: 18/46 MP: 3/3
    10 | D        | Reached XP level 4. HP: 20/52 MP: 4/4
    10 | D        | Reached XP level 5. HP: 21/57 MP: 5/5
    10 | D        | Reached XP level 6. HP: 23/63 MP: 6/6
    10 | D        | Reached XP level 7. HP: 24/68 MP: 7/7
    10 | D        | Reached XP level 8. HP: 26/74 MP: 8/8
    10 | D        | Reached XP level 9. HP: 27/79 MP: 9/9
    10 | D        | Reached XP level 10. HP: 29/85 MP: 10/10
    10 | D        | Reached XP level 11. HP: 30/90 MP: 11/11
    10 | D        | Reached XP level 12. HP: 32/96 MP: 12/12
    10 | D        | Reached XP level 13. HP: 33/101 MP: 13/13
    11 | D        | Killed a bag of meat
    11 | D        | Acquired Makhleb's first power
    11 | D        | Reached skill level 21 in Fighting
    11 | D        | Gained mutation: Your large and strong wings let you fly indefinitely. [Gargoyle growth]
    11 | D        | Reached XP level 14. HP: 13/110 MP: 14/14
    12 | D        | Noticed a meat berserker
    12 | D        | Noticed a bag of meat
    13 | D        | Noticed a bag of meat
    13 | D        | Noticed a meat berserker
    14 | D        | Noticed a meat berserker
    15 | D        | Killed a meat berserker
    15 | D        | Reached skill level 23 in Fighting
    15 | D        | Reached XP level 15. HP: 70/120 MP: 11/21
    16 | D        | Noticed a bag of meat
    16 | D        | Noticed a meat berserker
    17 | D        | Killed a meat berserker
    17 | D        | Acquired Makhleb's second power
    17 | D        | Reached skill level 25 in Fighting
    17 | D        | Reached XP level 16. HP: 74/130 MP: 11/25
    18 | D        | Noticed a bag of meat
    18 | D        | Killed a bag of meat
    18 | D        | Reached skill level 26 in Fighting
    19 | D        | Noticed a bag of meat
    19 | D        | Noticed a large bag of meat
    19 | D        | Killed a bag of meat
    19 | D        | Acquired Makhleb's third power
    19 | D        | Reached skill level 27 in Fighting
    19 | D        | Reached skill level 27 in Armour
    19 | D        | Reached skill level 27 in Shields
    19 | D        | Reached skill level 15 in Invocations
    20 | D        | Noticed a meat berserker
    20 | D        | Killed a bag of meat
    20 | D        | Reached XP level 17. HP: 139/139 MP: 12/31
    21 | D        | Noticed a destroyer
    21 | D        | Killed a bag of meat
    21 | D        | Acquired Makhleb's fourth power
    22 | D        | Noticed a large bag of meat
    22 | D        | Noticed a large bag of meat
    23 | D        | Noticed a bag of meat
    23 | D        | Noticed a bag of meat
    23 | D        | Noticed a large bag of meat
    23 | D        | Killed a meat berserker
    23 | D        | Reached skill level 27 in Invocations
    23 | D        | Reached XP level 18. HP: 145/145 MP: 13/35
    23 | D        | Killed a destroyer
    24 | D        | Killed a large bag of meat
    24 | D        | Acquired Makhleb's fifth power
    24 | D        | Killed a large bag of meat
    24 | D        | Reached XP level 19. HP: 151/151 MP: 13/36
    24 | D        | Annihilated by a large bag of meat

Vault maps used:
D:        meatsprint

Action                   |  1- 3 |  4- 6 |  7- 9 | 10-12 | 13-15 | 16-18 | 19-21 || total
-------------------------+-------+-------+-------+-------+-------+-------+-------++-------
Melee: Executioner's axe |     1 |       |       |       |     3 |     6 |       ||    10
 Abil: Fly               |       |       |       |       |     1 |       |       ||     1
